[Event "Titled Tuesday Blitz March 07 Late 2023"]
[White "Fedoseev, Vladimir"]
[Black "Hambleton, Aman"]
[WhiteFideId "24130737"]
[BlackFideId "2606577"]
[WhiteElo "2752"]
[BlackElo "2511"]
[Result "1-0"]
[Round "03"]
[TimeControl "180+2"]
[Date "2023.03.07"]
[WhiteClock "0:00:51"]
[BlackClock "0:00:02"]

1. e4 b6 2. d4 Bb7 3. Bd3 e6 4. Qe2 d5 5. exd5 Qxd5 6. Nf3 Nf6 7. Bg5 Nbd7 8. Nbd2 h6 9. c4 Qa5 10. Bxf6 Nxf6 11. O-O Bd6 12. d5 O-O 13. Nb3 Qa4 14. dxe6 Rae8 15. Nfd4 fxe6 16. c5 Bxc5 17. Bb5 Ba6 18. Bxa4 Bxe2 19. Nxe2 Rd8 20. Nxc5 bxc5 21. Rad1 Rd6 22. Bb3 Kf7 23. Nf4 Re8 24. Rfe1 Rxd1 25. Rxd1 1-0


[Site "https://www.chess.com"]

[Event "Titled Tuesday Blitz March 07 Late 2023"]
[White "Pulpan, Jakub"]
[Black "Matlakov, Maxim"]
[WhiteFideId "302759"]
[BlackFideId "4168003"]
[WhiteElo "2484"]
[BlackElo "2666"]
[Result "1-0"]
[Round "03"]
[TimeControl "180+2"]
[Date "2023.03.07"]
[WhiteClock "0:00:12"]
[BlackClock "0:00:08"]

1. Nf3 d5 2. b3 Bf5 3. Bb2 e6 4. g3 h6 5. Bg2 Nf6 6. O-O Be7 7. c4 O-O 8. d3 Nbd7 9. Nbd2 Bh7 10. a3 c6 11. b4 Bd6 12. d4 b5 13. c5 Bc7 14. a4 a6 15. Qb3 Ne4 16. e3 Re8 17. Nxe4 Bxe4 18. Ra2 Qf6 19. Qd1 Reb8 20. Bc3 a5 21. axb5 axb4 22. Rxa8 Rxa8 23. Bxb4 cxb5 24. Qe2 Rb8 25. Ne1 Bxg2 26. Kxg2 e5 27. Nf3 exd4 28. exd4 Nf8 29. Ra1 Ne6 30. Qd3 Nd8 31. Ra7 Qe7 32. Ba5 Rb7 33. Rxb7 Nxb7 34. Bxc7 Qxc7 35. Qxb5 Nd8 36. Qe8+ Kh7 37. Ne5 f6 38. Nd7 h5 39. Nf8+ Kg8 40. Ne6+ 1-0


[Site "https://www.chess.com"]

[Event "Titled Tuesday Blitz March 07 Late 2023"]
[White "Bortnyk, Olexandr"]
[Black "Fernandez Guillen, Ernesto J."]
[WhiteFideId "14120828"]
[BlackFideId "3512428"]
[WhiteElo "2734"]
[BlackElo "2423"]
[Result "1-0"]
[Round "03"]
[TimeControl "180+2"]
[Date "2023.03.07"]
[WhiteClock "0:01:01"]
[BlackClock "0:00:57"]

1. d4 Nf6 2. Nc3 d5 3. Bf4 e6 4. Nb5 Na6 5. e3 c6 6. Nc3 Nc7 7. Nf3 Bd6 8. Ne5 O-O 9. Qf3 Nd7 10. Nxc6 bxc6 11. Bxd6 Re8 12. Qg3 Na6 13. a3 c5 14. Bb5 cxd4 15. exd4 Qb6 16. Rd1 f6 17. O-O Rd8 18. Rfe1 Kf7 19. Rxe6 Kxe6 20. Re1+ Ne5 21. dxe5 Kf7 22. exf6 g6 23. Re7+ Kf8 24. Qg5 1-0


[Site "https://www.chess.com"]

[Event "Titled Tuesday Blitz March 07 Late 2023"]
[White "Bilych, Olexiy"]
[Black "Hakobyan, Aram"]
[WhiteFideId "14156504"]
[BlackFideId "13306677"]
[WhiteElo "2320"]
[BlackElo "2563"]
[Result "0-1"]
[Round "03"]
[TimeControl "180+2"]
[Date "2023.03.07"]
[WhiteClock "0:00:12"]
[BlackClock "0:01:31"]

1. d4 g6 2. e4 Bg7 3. Nc3 c5 4. Be3 cxd4 5. Bxd4 Bxd4 6. Qxd4 Nf6 7. Nf3 Nc6 8. Qa4 d6 9. e5 dxe5 10. Nxe5 O-O 11. Nxc6 bxc6 12. Be2 Qb6 13. Qb3 Be6 14. Qxb6 axb6 15. O-O Bf5 16. Rac1 Rfd8 17. Rfd1 Rxd1+ 18. Bxd1 Nd5 19. Nxd5 cxd5 20. a3 e5 21. c3 Rc8 22. Kf1 Bd3+ 23. Be2 Bxe2+ 24. Kxe2 f5 25. Kd3 b5 26. Re1 Re8 27. f4 e4+ 28. Kd4 Kf7 29. Kxd5 Rc8 30. Re2 Kf6 31. h4 h6 32. g3 g5 33. hxg5+ hxg5 34. Rh2 Rd8+ 35. Kc5 Rd3 36. Kxb5 Rxg3 37. fxg5+ Kxg5 38. a4 e3 39. Kc4 f4 40. Kd3 Rg1 41. Rh8 Rd1+ 42. Ke2 Rd2+ 43. Ke1 Rxb2 44. Rg8+ Kf5 45. a5 Ke4 46. a6 Rb1+ 47. Ke2 f3# 0-1


[Site "https://www.chess.com"]

[Event "Titled Tuesday Blitz March 07 Late 2023"]
[White "Nasuta, Grzegorz"]
[Black "Bortnyk, Mykola"]
[WhiteFideId "1141686"]
[BlackFideId "14120836"]
[WhiteElo "2449"]
[BlackElo "2582"]
[Result "0-1"]
[Round "03"]
[TimeControl "180+2"]
[Date "2023.03.07"]
[WhiteClock "0:00:37"]
[BlackClock "0:01:33"]

1. e4 Nf6 2. e5 Nd5 3. d4 d6 4. c4 Nb6 5. exd6 exd6 6. Nc3 Be7 7. Be3 O-O 8. Bd3 Bf6 9. Nge2 Bg4 10. b3 c5 11. f3 Re8 12. Ne4 cxd4 13. Bf2 Bh5 14. O-O Nc6 15. Nxf6+ Qxf6 16. Nxd4 Nxd4 17. Bxh7+ Kxh7 18. Bxd4 Qe6 19. Rf2 Nd7 20. Qd2 Bg6 21. Rd1 d5 22. c5 Rac8 23. b4 b6 24. Qc3 bxc5 25. bxc5 f6 26. h3 Qa6 27. Rc1 Ne5 28. Rd2 Nd3 29. Rcd1 Nf4 30. Qb2 Re2 31. Bf2 Nd3 0-1


[Site "https://www.chess.com"]

[Event "Titled Tuesday Blitz March 07 Late 2023"]
[White "Deac, Bogdan-Daniel"]
[Black "Grover, Sahaj"]
[WhiteFideId "1226380"]
[BlackFideId "5021103"]
[WhiteElo "2649"]
[BlackElo "2432"]
[Result "1-0"]
[Round "03"]
[TimeControl "180+2"]
[Date "2023.03.07"]
[WhiteClock "0:00:05"]
[BlackClock "0:00:15"]

1. b3 d5 2. Bb2 Bf5 3. e3 e6 4. c4 Nf6 5. cxd5 exd5 6. Qf3 Be4 7. Bxf6 gxf6 8. Qh5 Bg6 9. Qh4 Nc6 10. Bb5 Qd6 11. Qa4 O-O-O 12. Bxc6 Qxc6 13. Qxc6 bxc6 14. Ne2 Rg8 15. Nbc3 Ba3 16. Na4 c5 17. Nec3 Bd3 18. Nb1 Bb4 19. a3 Rxg2 20. Nb2 Bxb1 21. Rxb1 Bxa3 22. Nd3 c4 23. Nf4 Rg5 24. h4 Re5 25. bxc4 dxc4 26. Ke2 a5 27. Rhg1 Bb4 28. Rb2 c3 29. dxc3 Bxc3 30. Rc2 Bb4 31. Rg7 Rc5 32. Rxc5 Bxc5 33. Rxf7 a4 34. Ne6 Bd6 35. Nxd8 a3 36. Rg7 Kxd8 37. Rg4 Be5 38. Ra4 Bb2 39. Kd3 Kd7 40. Kc2 Kd6 41. Rg4 f5 42. Rg8 c5 43. Ra8 c4 44. Ra7 h5 45. Ra5 Ke6 46. f3 Kf6 47. e4 fxe4 48. fxe4 Ke6 49. Rxh5 Be5 50. Rh6+ Bf6 51. Kb1 c3 52. h5 a2+ 53. Kxa2 c2 54. Rxf6+ Kxf6 55. Kb2 Kg5 56. Kxc2 Kxh5 57. Kd3 Kg6 58. Kd4 Kf6 59. Kd5 1-0


[Site "https://www.chess.com"]

[Event "Titled Tuesday Blitz March 07 Late 2023"]
[White "Barbosa, Evandro Amorim"]
[Black "Lenderman, Aleksandr"]
[WhiteFideId "2115824"]
[BlackFideId "2021285"]
[WhiteElo "2439"]
[BlackElo "2607"]
[Result "0-1"]
[Round "03"]
[TimeControl "180+2"]
[Date "2023.03.07"]
[WhiteClock "0:00:13"]
[BlackClock "0:01:20"]

1. e4 c6 2. d4 d5 3. Nc3 dxe4 4. Nxe4 Nf6 5. Nxf6+ exf6 6. Be3 Na6 7. a3 Nc7 8. Bd3 Nd5 9. Bd2 Bd6 10. Ne2 O-O 11. c4 Nc7 12. Qc2 h6 13. O-O Re8 14. Rad1 Be6 15. Nc3 Rc8 16. Rfe1 a6 17. Ne4 Bf8 18. Bc3 b5 19. Ba5 bxc4 20. Bxc4 Bxc4 21. Qxc4 Qd5 22. Qxd5 cxd5 23. Nc3 Rxe1+ 24. Rxe1 Ne6 25. Rd1 Rc4 26. Nxd5 Nxd4 27. Kf1 Ne6 28. Bc3 Bc5 29. Nb4 Bxb4 30. Bxb4 Rc2 31. Bc3 Nf4 32. g3 Nh3 33. Rd2 Rc1+ 34. Kg2 Ng5 35. Rd8+ Kh7 36. Rd4 Rc2 37. h4 Ne6 38. Rd2 Rc1 39. Rd5 Rc2 40. Ra5 Nc7 41. h5 Nb5 42. Rxa6 Nxc3 43. bxc3 Rxc3 44. g4 Rc5 45. a4 Rg5 46. Kh3 f5 47. f3 fxg4+ 48. fxg4 f5 49. gxf5 Rxh5+ 50. Kg4 Rg5+ 51. Kf4 Rg1 52. Ra5 h5 53. Rb5 Rg4+ 54. Kf3 Rxa4 55. f6 g6 56. Rb7+ Kh6 57. f7 Kg7 58. Kg3 Ra6 0-1


[Site "https://www.chess.com"]

[Event "Titled Tuesday Blitz March 07 Late 2023"]
[White "Yoo, Christopher Woojin"]
[Black "Weichhold, Pawel"]
[WhiteFideId "30909694"]
[BlackFideId "1139703"]
[WhiteElo "2519"]
[BlackElo "2330"]
[Result "1-0"]
[Round "03"]
[TimeControl "180+2"]
[Date "2023.03.07"]
[WhiteClock "0:01:28"]
[BlackClock "0:00:40"]

1. d4 Nf6 2. Nf3 g6 3. c4 Bg7 4. g3 O-O 5. Bg2 d6 6. O-O Nc6 7. Nc3 Bg4 8. d5 Na5 9. Nd2 c5 10. h3 Bd7 11. e4 e5 12. b3 a6 13. Qe2 Rb8 14. a3 Qc7 15. b4 cxb4 16. axb4 Nxc4 17. Qxc4 Qxc4 18. Nxc4 Rfc8 19. Nxd6 Rxc3 20. Bb2 Rb3 21. Bxe5 Rxb4 22. Rfc1 Nxe4 23. Bxg7 Nxd6 24. Be5 Rb6 25. Rab1 Bb5 26. Bd4 Nc8 27. Rxc8+ Rxc8 28. Bxb6 Rc2 29. Rd1 Bd7 30. d6 h5 31. Re1 Rb2 32. Re7 Rxb6 33. Rxd7 a5 34. Rd8+ Kg7 35. d7 Rd6 36. Bxb7 a4 37. Bc6 Rxc6 38. Rc8 1-0


[Site "https://www.chess.com"]

[Event "Titled Tuesday Blitz March 07 Late 2023"]
[White "Durarbayli, Vasif"]
[Black "Wieczorek, Oskar"]
[WhiteFideId "13402935"]
[BlackFideId "1133950"]
[WhiteElo "2543"]
[BlackElo "2418"]
[Result "1-0"]
[Round "03"]
[TimeControl "180+2"]
[Date "2023.03.07"]
[WhiteClock "0:00:24"]
[BlackClock "0:00:15"]

1. e4 c5 2. Nf3 e6 3. d4 cxd4 4. Nxd4 Nf6 5. Nc3 d6 6. g4 e5 7. Bb5+ Bd7 8. Bxd7+ Qxd7 9. Nf5 h5 10. g5 Nxe4 11. Nxg7+ Bxg7 12. Nxe4 d5 13. Nc3 d4 14. Ne4 h4 15. Bd2 Nc6 16. Qf3 O-O-O 17. O-O-O Qd5 18. Kb1 h3 19. Rhe1 Kb8 20. Qg3 Ka8 21. a3 Rc8 22. f4 Ne7 23. Qd3 exf4 24. Bxf4 Ng6 25. Bg3 Ne5 26. Bxe5 Bxe5 27. Re2 Rhe8 28. Qxh3 Rh8 29. Qf5 Qc4 30. Rdd2 d3 31. Rxd3 Rxh2 32. Rxh2 Bxh2 33. Rc3 1-0


[Site "https://www.chess.com"]

[Event "Titled Tuesday Blitz March 07 Late 2023"]
[White "Korchmar, Vasiliy"]
[Black "Paravyan, David"]
[WhiteFideId "24131750"]
[BlackFideId "4194985"]
[WhiteElo "2370"]
[BlackElo "2577"]
[Result "0-1"]
[Round "03"]
[TimeControl "180+2"]
[Date "2023.03.07"]
[WhiteClock "0:00:03"]
[BlackClock "0:00:18"]

1. e4 e5 2. Nf3 Nf6 3. Nc3 Nc6 4. h3 Bb4 5. Nd5 Nxd5 6. exd5 e4 7. dxc6 exf3 8. Qxf3 dxc6 9. Bc4 O-O 10. O-O Qd7 11. c3 Bd6 12. g4 Kh8 13. d4 f5 14. g5 f4 15. Kh2 Qf5 16. Rg1 Be6 17. Bd3 Bd5 18. Bxf5 Bxf3 19. Bd3 Rae8 20. Bd2 Be2 21. Bc2 f3+ 22. Kh1 g6 23. Rae1 Kg7 24. Bd1 Bxd1 25. Rxe8 Rxe8 26. Rxd1 Re2 27. Kg1 Kf7 28. Kf1 Ke6 29. Bc1 Kd5 30. Rd2 Rxd2 31. Bxd2 Ke4 32. Ke1 Kd3 33. Kd1 b5 34. Be3 a5 35. Bd2 c5 36. Be3 c4 37. a3 b4 38. axb4 axb4 39. Bd2 b3 40. Be3 c6 41. Bc1 c5 42. Be3 cxd4 43. Bxd4 Bf4 44. Bf6 Be3 0-1


[Site "https://www.chess.com"]

[Event "Titled Tuesday Blitz March 07 Late 2023"]
[White "Bluebaum, Matthias"]
[Black "Cardoso Cardoso, Jose Gabriel"]
[WhiteFideId "24651516"]
[BlackFideId "4430492"]
[WhiteElo "2638"]
[BlackElo "2496"]
[Result "1-0"]
[Round "03"]
[TimeControl "180+2"]
[Date "2023.03.07"]
[WhiteClock "0:00:17"]
[BlackClock "0:00:14"]

1. d4 d5 2. c4 e6 3. Nc3 Nf6 4. cxd5 exd5 5. Bf4 Bd6 6. Bxd6 Qxd6 7. e3 c6 8. Bd3 Bg4 9. f3 Bh5 10. Nge2 Bg6 11. e4 dxe4 12. fxe4 Qe7 13. e5 Ng4 14. Qd2 Na6 15. O-O Rd8 16. Bxa6 bxa6 17. Qf4 Nh6 18. Ng3 O-O 19. Rad1 f6 20. Nge4 fxe5 21. Qxe5 Rxf1+ 22. Rxf1 Qxe5 23. dxe5 Re8 24. Rd1 Rxe5 25. Rd8+ Kf7 26. Nd2 Ng4 27. Nf3 Re7 28. h3 Ne5 29. Nd4 Rb7 30. b3 c5 31. Nde2 c4 32. Rd5 cxb3 33. axb3 Nc6 34. Rd6 Na5 35. Rxa6 Nxb3 36. Ng3 Nc5 37. Ra5 Ne6 38. Nce4 Bxe4 39. Nxe4 h6 40. Nd6+ 1-0


[Site "https://www.chess.com"]

[Event "Titled Tuesday Blitz March 07 Late 2023"]
[White "Almeida Quintana, Omar"]
[Black "Sjugirov, Sanan"]
[WhiteFideId "3503313"]
[BlackFideId "4189302"]
[WhiteElo "2530"]
[BlackElo "2569"]
[Result "0-1"]
[Round "03"]
[TimeControl "180+2"]
[Date "2023.03.07"]
[WhiteClock "0:00:14"]
[BlackClock "0:00:03"]

1. d4 Nf6 2. c4 e6 3. Nf3 d5 4. Nc3 c6 5. Qd3 dxc4 6. Qxc4 b5 7. Qd3 a6 8. g4 Nxg4 9. Rg1 Nf6 10. Bf4 Nbd7 11. O-O-O Bb7 12. e4 Qa5 13. e5 Nd5 14. Nxd5 cxd5 15. Kb1 Rc8 16. h4 g6 17. h5 Be7 18. Bg5 Qd8 19. Bh3 Rc6 20. Qe3 Bxg5 21. Nxg5 Qe7 22. f4 Nb6 23. Bf1 Nc4 24. Bxc4 bxc4 25. h6 Rb6 26. Rg2 O-O 27. Nf3 Rb8 28. Ka1 Bc6 29. Rc1 a5 30. Ng5 a4 31. f5 exf5 32. e6 f6 33. Nxh7 Kxh7 34. Qf4 a3 35. b3 cxb3 36. axb3 Rxb3 37. Rcg1 Qb7 38. Qc1 g5 39. Rxg5 fxg5 0-1


[Site "https://www.chess.com"]

[Event "Titled Tuesday Blitz March 07 Late 2023"]
[White "Kamsky, Gata"]
[Black "Goltsev, Dmitry"]
[WhiteFideId "2000024"]
[BlackFideId "24176710"]
[WhiteElo "2666"]
[BlackElo "2336"]
[Result "1-0"]
[Round "03"]
[TimeControl "180+2"]
[Date "2023.03.07"]
[WhiteClock "0:00:08"]
[BlackClock "0:00:02"]

1. e4 e6 2. d4 d5 3. Nc3 c5 4. exd5 exd5 5. Nf3 Nf6 6. Bb5+ Nc6 7. O-O Be7 8. dxc5 Bxc5 9. Re1+ Be6 10. Be3 Bd6 11. Nd4 O-O 12. Nxe6 fxe6 13. g3 a6 14. Bf1 Qd7 15. Bh3 Rae8 16. f4 Kh8 17. Bf2 Qf7 18. Bg2 Bb4 19. a3 Bxc3 20. bxc3 Nd7 21. a4 Na5 22. Rb1 Nf6 23. Bc5 Rg8 24. Bd4 Nc4 25. Qe2 Rgf8 26. Rb3 Na5 27. Rb6 Nc6 28. Bxf6 Qxf6 29. Rxb7 Qxc3 30. Qf2 Nd4 31. Rb6 e5 32. Rxa6 exf4 33. Rxe8 Rxe8 34. gxf4 Re1+ 35. Bf1 h6 36. Kg2 Re8 37. Bd3 Qc8 38. Rg6 Ne6 39. f5 Ng5 40. h4 Ne4 41. Qd4 Qc7 42. Rxh6+ Kg8 43. Qxd5+ Qf7 44. Bc4 Qxd5 45. Bxd5+ Kf8 46. Rh8+ 1-0


[Site "https://www.chess.com"]

[Event "Titled Tuesday Blitz March 07 Late 2023"]
[White "Martynov, Pavel"]
[Black "Vazquez, Guillermo"]
[WhiteFideId "4101260"]
[BlackFideId "3702308"]
[WhiteElo "2314"]
[BlackElo "2543"]
[Result "0-1"]
[Round "03"]
[TimeControl "180+2"]
[Date "2023.03.07"]
[WhiteClock "0:00:40"]
[BlackClock "0:00:19"]

1. e4 c6 2. d4 d5 3. exd5 cxd5 4. c4 Nf6 5. Nc3 e6 6. Nf3 Bb4 7. Bd3 dxc4 8. Bxc4 O-O 9. O-O b6 10. Re1 Bb7 11. a3 Bxc3 12. bxc3 Qc7 13. Qd3 Nbd7 14. Ba2 Rac8 15. Bd2 Rfd8 16. Qe2 Ne4 17. Rac1 Nxd2 18. Nxd2 Nf6 19. f3 Bd5 20. c4 Bb7 21. Qe3 Qd6 22. Nb3 Qxa3 23. Bb1 h6 24. Be4 Qe7 25. c5 Bd5 26. Nd2 Qd7 27. Red1 Bxe4 28. Nxe4 Nxe4 29. fxe4 bxc5 30. dxc5 Qxd1+ 31. Rxd1 Rxd1+ 32. Kf2 Rd7 33. Qa3 Rc6 34. Ke3 Rdc7 35. Qa4 Rxc5 36. h4 g6 37. g4 a5 38. h5 gxh5 39. gxh5 Rxh5 40. Kf4 Rg5 41. e5 Rc5 42. Qe8+ Kg7 43. Qe7 Rcxe5 44. Kf3 Ref5+ 45. Ke4 h5 46. Kd4 h4 47. Qa3 Rg4+ 48. Ke3 Rg3+ 0-1


[Site "https://www.chess.com"]

[Event "Titled Tuesday Blitz March 07 Late 2023"]
[White "Matinian, Nikita"]
[Black "Keymer, Vincent"]
[WhiteFideId "24129100"]
[BlackFideId "12940690"]
[WhiteElo "2422"]
[BlackElo "2651"]
[Result "0-1"]
[Round "03"]
[TimeControl "180+2"]
[Date "2023.03.07"]
[WhiteClock "0:00:02"]
[BlackClock "0:00:10"]

1. e4 c6 2. d4 d5 3. e5 Bf5 4. Nf3 e6 5. Be2 c5 6. Be3 Qb6 7. Nc3 Nc6 8. Na4 Qa5+ 9. c3 c4 10. O-O b5 11. Nc5 Bxc5 12. dxc5 Nge7 13. Nd4 Nxd4 14. Bxd4 Nc6 15. g4 Bg6 16. f4 Be4 17. f5 O-O-O 18. b4 Qa3 19. Qd2 a5 20. bxa5 Qxa5 21. a4 b4 22. Qe3 b3 23. Bxc4 b2 24. Rae1 b1=Q 25. Rxb1 Bxb1 26. Rxb1 dxc4 27. Qf3 Kc7 28. Rb6 Qxa4 29. fxe6 fxe6 30. Qf7+ Rd7 31. Qxe6 Rb8 32. Rxb8 Nxb8 33. Qb6+ Kc8 34. e6 Rb7 35. Qd6 Qe8 36. Be5 Nc6 37. Bg3 Nd8 38. Kg2 Qxe6 0-1


[Site "https://www.chess.com"]

[Event "Titled Tuesday Blitz March 07 Late 2023"]
[White "Indjic, Aleksandar"]
[Black "Timmermans, Mark"]
[WhiteFideId "911925"]
[BlackFideId "1026399"]
[WhiteElo "2614"]
[BlackElo "2460"]
[Result "1/2-1/2"]
[Round "03"]
[TimeControl "180+2"]
[Date "2023.03.07"]
[WhiteClock "0:00:21"]
[BlackClock "0:00:45"]

1. d4 Nf6 2. c4 e6 3. Nc3 Bb4 4. e3 Ne4 5. Qc2 f5 6. Bd3 O-O 7. Ne2 b6 8. f3 Bxc3+ 9. bxc3 Nd6 10. e4 fxe4 11. fxe4 e5 12. c5 bxc5 13. dxc5 Ne8 14. Bc4+ Kh8 15. Be3 Ba6 16. Bd5 Nc6 17. O-O-O Qe7 18. Ng3 Nf6 19. Nf5 Qe8 20. g4 Nxd5 21. exd5 Ne7 22. c4 Nxf5 23. gxf5 Qh5 24. Qa4 Qf3 25. Rhe1 Bc8 26. Rd2 d6 27. Rf2 Qe4 28. Qc2 Bxf5 29. Qxe4 Bxe4 30. Rxf8+ Rxf8 31. Kd2 Bg6 32. c6 Rb8 33. Kc3 Kg8 34. Rf1 a5 35. Rf2 Be4 36. Bg5 h6 37. Be3 a4 38. Rb2 Rxb2 39. Kxb2 Kf7 40. Kc3 Bb1 41. h4 Bxa2 42. Ba7 Ke7 43. Be3 a3 44. Bc1 g5 45. hxg5 hxg5 46. Bxg5+ Ke8 47. Bc1 Kd8 48. Bxa3 Kc8 49. Bc1 Kb8 50. Ba3 Kc8 51. Bb4 Kb8 52. Ba3 Kc8 1/2-1/2


[Site "https://www.chess.com"]

[Event "Titled Tuesday Blitz March 07 Late 2023"]
[White "Sai Krishna G V"]
[Black "Ibarra Jerez, Jose Carlos"]
[WhiteFideId "5028280"]
[BlackFideId "2226332"]
[WhiteElo "2359"]
[BlackElo "2638"]
[Result "0-1"]
[Round "03"]
[TimeControl "180+2"]
[Date "2023.03.07"]
[WhiteClock "0:00:35"]
[BlackClock "0:00:47"]

1. e4 c5 2. Nf3 e6 3. d4 cxd4 4. Nxd4 Bc5 5. Nb3 Bb6 6. Qg4 Nf6 7. Qxg7 Bxf2+ 8. Ke2 Rg8 9. Qh6 Bb6 10. Bg5 Rg6 11. Qh4 h6 12. Bxf6 Rxf6 13. Qg3 Rf2+ 14. Kd1 Qg5 15. Nc3 Nc6 16. Nb5 Qxg3 17. hxg3 Ne5 18. a4 a6 19. Na3 d5 20. a5 Be3 21. c3 dxe4 22. Nc2 Bg5 23. Ra4 f5 24. Rb4 Nd3 25. Bxd3 exd3 26. Ne1 Rxb2 27. Nxd3 Rxg2 28. Ndc5 Rxg3 29. Nxb7 Bxb7 30. Rxb7 O-O-O+ 0-1


[Site "https://www.chess.com"]

[Event "Titled Tuesday Blitz March 07 Late 2023"]
[White "Svane, Frederik"]
[Black "Fus, Jakub"]
[WhiteFideId "12923044"]
[BlackFideId "1193023"]
[WhiteElo "2502"]
[BlackElo "2335"]
[Result "1-0"]
[Round "03"]
[TimeControl "180+2"]
[Date "2023.03.07"]
[WhiteClock "0:00:29"]
[BlackClock "0:00:02"]

1. b3 d5 2. Nf3 Nf6 3. e3 Bf5 4. Bb2 e6 5. Nh4 Bg4 6. Be2 Bxe2 7. Qxe2 Be7 8. O-O O-O 9. f4 Nc6 10. d3 Bc5 11. Nd2 Re8 12. Kh1 Bb4 13. Ndf3 Bd6 14. Ne5 Nd7 15. Nhf3 Ndxe5 16. fxe5 Be7 17. Rf2 Rf8 18. Raf1 Qd7 19. h4 Qd8 20. h5 h6 21. Nh2 Bg5 22. Ng4 Qe7 23. Rf3 Kh8 24. Qf2 Kg8 25. c4 Rad8 26. cxd5 Rxd5 27. d4 a5 28. Qc2 Nb4 29. Qb1 Qd7 30. a3 Nc6 31. Qc2 Rb5 32. a4 Rd5 33. Ba3 Nb4 34. Bxb4 axb4 35. Qc4 Qe7 36. e4 Rdd8 37. d5 exd5 38. exd5 Qd7 39. e6 Qxd5 40. exf7+ Kh8 41. Qxd5 Rxd5 42. Re1 Rdd8 43. Ne5 Bf6 44. Ng6+ Kh7 45. Rfe3 Rxf7 46. Re8 Rfd7 47. Nf8+ Kg8 48. Nxd7+ 1-0


[Site "https://www.chess.com"]

[Event "Titled Tuesday Blitz March 07 Late 2023"]
[White "Zarubitski, Viachaslau"]
[Black "Martinez Alcantara, Jose Eduardo"]
[WhiteFideId "13509373"]
[BlackFideId "3805662"]
[WhiteElo "2284"]
[BlackElo "2712"]
[Result "0-1"]
[Round "03"]
[TimeControl "180+2"]
[Date "2023.03.07"]
[WhiteClock "0:00:01"]
[BlackClock "0:00:39"]

1. Nf3 c5 2. e4 d6 3. Bb5+ Nd7 4. d4 cxd4 5. Qxd4 a6 6. Bxd7+ Bxd7 7. Nc3 Rc8 8. O-O e5 9. Qd3 h6 10. Nd2 Be6 11. Rd1 Nf6 12. Nf1 Qc7 13. Ne3 Be7 14. a4 O-O 15. Bd2 Rfd8 16. Be1 Bf8 17. a5 Qc6 18. f3 Nh5 19. Ned5 Bxd5 20. Qxd5 Nf4 21. Qxc6 bxc6 22. Na4 d5 23. Bf2 d4 24. Nb6 Rb8 25. g3 Ne6 26. c3 c5 27. cxd4 cxd4 28. Kf1 Nc5 29. b4 Nd7 30. Nd5 Bxb4 31. Rdb1 Bd6 32. Ke2 Rdc8 33. Nb6 Rc2+ 34. Kf1 Nc5 35. Be1 Nd3 36. h4 Kh7 37. Rb3 Nc5 38. Rbb1 f5 39. exf5 Rf8 40. g4 e4 41. fxe4 Nxe4 42. Nd7 Rf7 43. Rb7 h5 44. Rd1 hxg4 45. f6 Nxf6 46. Nxf6+ Rxf6+ 47. Kg1 Bh2+ 0-1


[Site "https://www.chess.com"]

[Event "Titled Tuesday Blitz March 07 Late 2023"]
[White "Maksimovic, Bojan"]
[Black "Grinev, Valeriy"]
[WhiteFideId "14408120"]
[BlackFideId "14117517"]
[WhiteElo "2468"]
[BlackElo "2365"]
[Result "1-0"]
[Round "03"]
[TimeControl "180+2"]
[Date "2023.03.07"]
[WhiteClock "0:01:59"]
[BlackClock "0:02:37"]

1. Nf3 c5 2. g3 Nc6 3. Bg2 g6 4. O-O Bg7 5. d3 e5 6. Nbd2 Nge7 7. c3 O-O 8. e4 d6 9. a3 a6 10. b4 b5 11. Bb2 a5 12. a4 axb4 13. axb5 Rxa1 14. Qxa1 bxc3 15. Bxc3 Nb4 16. Bxb4 c4 17. Nxc4 1-0


[Site "https://www.chess.com"]

[Event "Titled Tuesday Blitz March 07 Late 2023"]
[White "Papasimakopoulos, Alexandros"]
[Black "Dardha, Daniel"]
[WhiteFideId "4244125"]
[BlackFideId "240990"]
[WhiteElo "2359"]
[BlackElo "2581"]
[Result "0-1"]
[Round "03"]
[TimeControl "180+2"]
[Date "2023.03.07"]
[WhiteClock "0:01:32"]
[BlackClock "0:01:30"]

1. d4 Nf6 2. c4 e6 3. Nc3 Bb4 4. Qc2 b6 5. a3 Bxc3+ 6. Qxc3 Bb7 7. Bg5 h6 8. Bh4 d6 9. f3 c5 10. dxc5 bxc5 11. Rd1 Nc6 12. b4 cxb4 13. axb4 a5 14. b5 Nb4 15. Bg3 O-O 16. Bxd6 Nfd5 17. Qe5 Ne3 18. Bxf8 Nbc2+ 19. Kf2 Qh4+ 20. g3 Nxd1+ 21. Kg2 Ne1# 0-1


[Site "https://www.chess.com"]

[Event "Titled Tuesday Blitz March 07 Late 2023"]
[White "Rustemov, Alexander"]
[Black "Preotu, Razvan"]
[WhiteFideId "4119002"]
[BlackFideId "2613280"]
[WhiteElo "2868"]
[BlackElo "2407"]
[Result "0-1"]
[Round "03"]
[TimeControl "180+2"]
[Date "2023.03.07"]
[WhiteClock "0:00:07"]
[BlackClock "0:00:12"]

1. d4 Nf6 2. c4 g6 3. Nf3 Bg7 4. g3 c6 5. b3 d5 6. Nbd2 O-O 7. Bb2 a5 8. a3 Bf5 9. Bg2 Ne4 10. O-O Nd7 11. e3 Qb6 12. Rc1 Rad8 13. Qe2 Bg4 14. h3 Nxd2 15. Qxd2 Bxf3 16. Bxf3 Qxb3 17. Rc3 Qb6 18. cxd5 cxd5 19. Bxd5 e5 20. Rb3 Qd6 21. Bxb7 Nc5 22. Rb5 Nxb7 23. Rxb7 exd4 24. exd4 Qd5 25. Ra7 Ra8 26. Rxa8 Rxa8 27. Bc3 a4 28. Rd1 Rd8 29. Ba5 Rd7 30. Bb6 Bf8 31. Qc3 Rb7 32. Bc5 Rb3 33. Qc2 Bg7 34. Re1 h5 35. Re8+ Kh7 36. Qe4 Qc4 37. Kg2 Rc3 38. Qe2 Qd5+ 39. Qe4 Qc4 40. g4 Rc1 41. gxh5 Qf1+ 42. Kg3 Qg1+ 43. Qg2 Rc3+ 44. Re3 Rxe3+ 45. fxe3 Qxe3+ 46. Qf3 Qg5+ 47. Kf2 gxh5 48. Ke2 Kg6 49. Kd3 Qf5+ 50. Qe4 Qxe4+ 51. Kxe4 f5+ 52. Kd5 Kf7 53. Kc6 f4 54. d5 f3 55. d6 Bf6 56. d7 Ke6 57. Kc7 Kd5 58. Bf2 Ke4 59. d8=Q Bxd8+ 60. Kxd8 Kd3 61. Ke7 Ke2 62. Bb6 f2 63. Bxf2 Kxf2 64. Kf6 Kg3 65. Kg5 h4 66. Kf5 Kxh3 67. Kf4 Kg2 68. Ke3 h3 69. Kd4 h2 70. Kc4 h1=Q 71. Kb4 Qb1+ 72. Kxa4 Kf3 73. Ka5 Ke4 74. a4 Kd5 75. Ka6 Kc6 76. a5 Qb7# 0-1


[Site "https://www.chess.com"]

[Event "Titled Tuesday Blitz March 07 Late 2023"]
[White "Diaz Perez, Michel Alejandro"]
[Black "Movahed, Sina"]
[WhiteFideId "3517179"]
[BlackFideId "42520835"]
[WhiteElo "2333"]
[BlackElo "2225"]
[Result "0-1"]
[Round "03"]
[TimeControl "180+2"]
[Date "2023.03.07"]
[WhiteClock "0:00:15"]
[BlackClock "0:01:02"]

1. e4 c5 2. Nf3 d6 3. c3 Nf6 4. Be2 g6 5. O-O Bg7 6. Re1 O-O 7. Bf1 Bg4 8. h3 Bxf3 9. Qxf3 Nc6 10. d3 Rb8 11. a4 a6 12. Be3 b5 13. axb5 axb5 14. d4 cxd4 15. cxd4 e5 16. dxe5 dxe5 17. Nc3 b4 18. Nd5 Nxd5 19. exd5 Nd4 20. Bxd4 exd4 21. Ra7 d3 22. Bxd3 Bxb2 23. Ree7 Ra8 24. Rad7 Qc8 25. Rc7 Ra1+ 26. Bf1 Qa6 27. Re2 Bg7 28. g3 b3 29. d6 b2 30. Rd7 b1=Q 0-1


[Site "https://www.chess.com"]